 Seeded DCSS version 0.30-a0-949-g53dc5368d7 (webtiles) character file.

Game seed: 17293647813125153763 (custom seed)

206 GigaChad the Shield-Bearer (level 6, 0/52 HPs)
             Began as a Formicid Fighter on Mar 27, 2023.
             Killed from afar by Blork the orc (7 damage)
             ... with a magic dart
             ... on level 4 of the Dungeon.
             The game lasted 00:03:47 (1655 turns).

GigaChad the Shield-Bearer (Formicid Fighter)       Turns: 1655, Time: 00:03:47

Health: 0/52       AC:  9    Str: 23    XL:     6   Next: 10%
Magic:  11/11      EV:  9    Int:  7    God:
Gold:   178        SH:  6    Dex: 19    Spells: 12/12 levels left

rFire   . . .      SeeInvis +    a - +0 war axe
rCold   . . .      Faith    .    c - +0 buckler
rNeg    . . .      Spirit   .    m - +0 chain mail
rPois   .          Reflect  .    (helmet unavailable)
rElec   .          Rampage  .    (no cloak)
rCorr   .                        (no gloves)
Will    .....                    (no boots) Stlth
                                 (no amulet)
HPRegen 0.28/turn                k - +6 ring of dexterity
MPRegen 0.12/turn                (no ring)

@: no status effects
A: permanent stasis, dig shafts and tunnels, antennae 3, four strong arms
a: Dig, Shaft Self


You were on level 4 of the Dungeon.
You visited 1 branch of the dungeon, and saw 4 of its levels.

You collected 178 gold pieces.

Inventory:

Hand Weapons
 a - a +0 war axe (weapon)
Armour
 b - a +0 scale mail
 c - a +0 buckler (worn)
 m - a +0 chain mail (worn)
Jewellery
 k - a +6 ring of dexterity (left hand)
 n - a ring of protection from fire
 p - the ring of Wahulaonn {rElec rPois rF+ Dex-2 Slay+4}
   (You found it on level 2 of the Dungeon)

   [ring of slaying]

   Dex:       It affects your dexterity (-2).
   Slay:      It affects your accuracy & damage with ranged weapons and melee
   (+4).
   rF:        It protects you from fire.
   rElec:     It insulates you from electricity.
   rPois:     It protects you from poison.
 t - a ring of poison resistance
Scrolls
 g - 2 scrolls of enchant armour {unknown}
 i - 4 scrolls of identify {unknown}
 j - 3 scrolls of silence {unknown}
 o - 2 scrolls of teleportation {unknown}
 u - a scroll of fog {unknown}
Potions
 d - 4 potions of might
 e - 3 potions of lignification {unknown}
 f - a potion of brilliance {unknown}
 h - a potion of heal wounds {unknown}
 l - 6 potions of curing {unknown}
 q - a potion of mutation {unknown}
 r - a potion of degeneration {unknown}
 s - a potion of ambrosia {unknown}
 v - a potion of cancellation {unknown}


   Skills:
 * Level 5.7 Fighting
 + Level 4.4 Axes
 * Level 5.4 Armour
 * Level 3.3 Dodging
 * Level 6.5 Shields
 * Level 3.6 Spellcasting


You had 12 spell levels left.
You didn't know any spells.
Your spell library was empty.

Dungeon Overview and Level Annotations

Branches:
Dungeon (4/15)
 Temple: D:4-7

Altars:
Elyvilon

Annotations:
D:4 Blork the orc


Innate Abilities, Weirdness & Mutations

You cannot be hasted, slowed, berserked, paralysed or teleported.
You can dig through walls and to a lower floor.
You have a pair of large antennae on your head. (SInv)
Your four strong arms can wield two-handed weapons with a shield.


Message History

The gnoll hits you from afar with a +0 spear.
The gnoll hits you but does no damage. You block the gnoll's attack.
The gnoll hits you with a +0 halberd!
* * * LOW HITPOINT WARNING * * *
The gnoll hits you from afar with a +0 spear.
* * * LOW HITPOINT WARNING * * *
You slash the gnoll!
You kill the gnoll!
You hit the gnoll. The gnoll barely misses you. You block the gnoll's attack.
You have reached level 6!
You hit the gnoll but do no damage.
The gnoll is heavily wounded.
Blork the orc looks braver for a moment.
The gnoll barely misses you. You block the gnoll's attack.
You hit the gnoll.
The gnoll is almost dead.
You block the gnoll's attack. The gnoll hits you with a +0 halberd.
* * * LOW HITPOINT WARNING * * *
You block the gnoll's attack. The gnoll hits you but does no damage.
You closely miss the gnoll.
The gnoll is almost dead.
You block the gnoll's attack. The gnoll barely misses you.
You closely miss the gnoll.
The gnoll is almost dead.
The gnoll hits you but does no damage. The gnoll barely misses you.
You slash the gnoll!
You kill the gnoll!
Blork the orc points at you and mumbles some strange words.
The magic dart hits you.
* * * LOW HITPOINT WARNING * * *
The gnoll completely misses you.
You closely miss Blork the orc.
Blork the orc screams, "I'll cover the dungeon with your blood!"
Blork the orc casts a spell at you. The magic dart hits you.
* * * LOW HITPOINT WARNING * * *
You block the gnoll's attack.
Blork the orc points at you and mumbles some strange words.
The magic dart hits you!
You die...

### ... #.#
#.# .# #.#
.# #.####.#
#
#......###.#
#)###.....
#@# .?..
#o###.####.#
#g...gg....#
#<..########
#####


You could see Blork the orc (fast) and a gnoll.

Vanquished Creatures
  A water moccasin (D:3)
  3 gnolls (D:4)
  A worm (D:2)
  An orc (D:3)
  4 ball pythons
  5 endoplasms
  3 giant cockroaches
  5 goblins
  3 hobgoblins
  2 quokkas (D:1)
  5 bats
  2 frilled lizards (D:2)
  2 kobolds
  3 rats
40 creatures vanquished.

Vanquished Creatures (others)
  8 plants (D:1)
8 creatures vanquished.

Grand Total: 48 creatures vanquished

Notes
Turn   | Place    | Note
-------+----------+-------------------------------------------
     0 | D:1      | GigaChad the Formicid Fighter began the quest for the Orb.
     0 | D:1      | Reached XP level 1. HP: 18/18 MP: 1/1
   125 | D:1      | Reached XP level 2. HP: 24/24 MP: 2/2
   289 | D:1      | You fall into a shaft and drop 1 floor!
   291 | D:2      | Reached skill level 5 in Fighting
   291 | D:2      | Reached skill level 5 in Armour
   291 | D:2      | Reached skill level 6 in Shields
   291 | D:2      | Reached XP level 3. HP: 33/33 MP: 2/8
   448 | D:2      | Found a faded altar of an unknown god.
   521 | D:2      | Reached XP level 4. HP: 39/39 MP: 9/9
   990 | D:2      | Identified the ring of Wahulaonn {rElec rPois rF+ Dex-2
                  | Slay+4}
  1242 | D:3      | Noticed a water moccasin
  1252 | D:3      | Killed a water moccasin
  1253 | D:3      | Reached XP level 5. HP: 31/46 MP: 10/10
  1528 | D:3      | Found a faded altar of an unknown god.
  1531 | D:3      | Found a white marble altar of Elyvilon.
  1629 | D:4      | Noticed Blork the orc
  1650 | D:4      | Reached XP level 6. HP: 14/52 MP: 11/11
  1655 | D:4      | Killed from afar by Blork the orc

Illustrated notes

Levels and vault maps discovered:
D:1:      minmay_arrival_diagonal_passages, layout_rooms, chequers_big_river,
          st_stairs_7, corexii_item_surrounded_by_moat
D:2:      layout_loops_cross, ebering_ecumenical_altar_petrified,
          minmay_circled_x
D:3:      layout_rooms, nicolae_overflow_ecumenical_swirl,
          kennysheep_generic_room_15
D:4:      layout_loops_ring, nicolae_gozag_seed_capital, uniq_blork_the_orc

Skill      XL: |  1  2 |
---------------+-------+-----
Fighting       | 5 |  5.7
Axes           | 4 |  4.4
Armour         | 5 |  5.4
Dodging        | 3 |  3.3
Shields        | 6 |  6.5
Spellcasting   | 3 |  3.6

Action                     |  1- 3 |  4- 6 || total
---------------------------+-------+-------++-------
  Melee: War axe           |    54 |    63 ||   117
    Use: Potion            |     1 |       ||     1
 Armour: Scale mail        |    25 |       ||    25
         Chain mail        |       |    50 ||    50
  Dodge: Dodged            |    25 |    51 ||    76
  Block: Buckler           |    19 |    40 ||    59

Table legend: (Time is in decaauts)
 A = Elapsed time spent in this place.
 B = Non-inter-level travel time spent in this place.
 C = Inter-level travel time spent in this place.
 D = Time resting spent in this place.
 E = Time spent auto-exploring this place.
 F = Levels seen in this place.
 G = Mean time per level.
                   A        B        C        D        E       F      G
               +--------+--------+--------+--------+--------+-----+--------+
         Total |   1693 |   1617 |     76 |      0 |   1212 |   4 |  423.2 |
       Dungeon |   1693 |   1617 |     76 |      0 |   1212 |   4 |  423.2 |
               +--------+--------+--------+--------+--------+-----+--------+

Top non-repeatable levels by time:
     D:2: 835 daAuts
     D:3: 521 daAuts
     D:1: 301 daAuts
     D:4: 34 daAuts
